 Dungeon Crawl Stone Soup version 0.20-a0-266-gdedccd6 (webtiles) character file.

16 gamerape the Slasher (level 2, -6/16 HPs)
             Began as a Vine Stalker Chaos Knight on Dec 5, 2016.
             Killed from afar by a steam dragon (glowing shapeshifter) (10 damage)
             ... with a ball of steam
             ... on level 1 of the Dungeon.
             The game lasted 00:01:47 (567 turns).

gamerape the Slasher (Vine Stalker Chaos Knight)     Turns: 567, Time: 00:01:47

Health: -6/16      AC:  5    Str: 14    XL:     2   Next: 58%
Magic:  0/3        EV: 10    Int: 16    God:    Xom [..*...]
Gold:   7          SH:  3    Dex: 13    Spells: 1/1 levels left

rFire  . . .     SeeInvis .     a - +0 falchion (chaos)
rCold  . . .     Gourm    .     b - +2 leather armour
rNeg   . . .     Faith    .     e - +0 buckler
rPois  +         Spirit   +     (no helmet)
rElec  .         Reflect  .     (no cloak)
rCorr  .         Harm     .     (no gloves)
MR     .....                    (no boots)
Stlth  +.........               (no amulet)
                                j - ring of poison resistance
                                d - +4 ring of intelligence

@: very slightly contaminated, hasted, very quick
A: fangs 2, magic shield, antimagic bite, no device heal 3, rot immunity
a: Renounce Religion


You were on level 1 of the Dungeon.
You worshipped Xom.
You were a toy of Xom.
You were not hungry.

You visited 1 branch of the dungeon, and saw 1 of its levels.

You collected 7 gold pieces.

Inventory:

Hand Weapons
 a - a +0 falchion of chaos (weapon)
Armour
 b - a +2 leather armour (worn)
 e - a +0 buckler (worn)
Jewellery
 d - a +4 ring of intelligence (left hand)
 j - a ring of poison resistance (right hand)
Scrolls
 g - a scroll of recharging {unknown}
 i - a scroll of amnesia {unknown}
Potions
 k - a potion of might {unknown}
Comestibles
 c - a bread ration
 f - a chunk of flesh
 h - a slice of pizza


   Skills:
 * Level 2.8 Fighting
 * Level 3.1 Long Blades
 + Level 1.7 Armour
 + Level 1.0 Dodging
 * Level 0.3 Shields


You had one spell level left.
You didn't know any spells.

Dungeon Overview and Level Annotations

Branches:
Dungeon (1/15)

Altars:


Innate Abilities, Weirdness & Mutations

You have extremely sharp teeth.
When hurt, damage is shared between your health and your magic reserves.
Your bite disrupts and absorbs the magic of your enemies.
Potions and wands cannot restore your health.
You are immune to rotting.


Message History

The goblin is severely wounded.
The goblin changes into an adder!
You block the rat's attack. "Go forth and destroy!"
You feel yourself speed up.
You are very lightly contaminated with residual magic.
The adder changes into a hound!
The goblin hits you but does no damage. You block the goblin's attack.
A goblin comes into view.
The goblin shouts!
You see here a bat corpse.
The goblin hits you but does no damage.
Things that are here:
a club; a stone; a kobold corpse You see here a stone.
The hound changes into a steam dragon!
The steam dragon breathes steam at you. The ball of steam hits you!
Ouch! That really hurt!
You die...
Xom chortles!

#.. ###..(......#...# #....
#...###.(r(..##.#...####....
#......)#)##..#..........###
##...#...g###...............
..........D#####.........###
..$.......§..# #.........#
#####..########§..# #.........#
....####......'#§.##.>..g..>..#
.....##........#@.##.#........#
##...##...##...#...#.#.........
###..##..####..#.#...##......
###..##..####..#........
##...##...##...#....####
...............#.....
..............##.#..##
###..##..######..###
###.<##..######


You could see a steam dragon shaped shifter.

Vanquished Creatures
  An ooze (D:1)
  A giant cockroach (D:1)
  5 goblins (D:1)
  A hobgoblin (D:1)
  2 bats (D:1)
  2 kobolds (D:1)
12 creatures vanquished.

Notes
Turn   | Place    | Note
-------+----------+-------------------------------------------
     0 | D:1      | gamerape the Vine Stalker Chaos Knight began the quest for the Orb.
     0 | D:1      | Reached XP level 1. HP: 11/11 MP: 2/2
    72 | D:1      | Reached skill level 3 in Long Blades
   387 | D:1      | Reached XP level 2. HP: 16/16 MP: 3/3
   500 | D:1      | Reached skill level 1 in Dodging
   543 | D:1      | XOM: harmless Air miscast
   548 | D:1      | XOM: potion effect (haste)
   565 | D:1      | Noticed a steam dragon
   565 | D:1      | a hound changed into a steam dragon
   567 | D:1      | Killed from afar by a steam dragon (glowing shapeshifter)

Vault maps used:
D:1:      minmay_arrival_four_loops

Skill      XL: |  1  2 |
---------------+-------+-----
Long Blades    | 3 |  3.1
Dodging        | 1 |  1.0
Fighting       | |  2.8
Armour         | |  1.7
Shields        | |  0.3

Action                   || total
-------------------------++-------
Melee: Falchion          ||    39
       Bite              ||     6
Armor: Leather armour    ||    17
Dodge: Dodged            ||    31
Block: Buckler           ||    13
       Rpst.: Falchion   ||     8
